 Dungeon Crawl Stone Soup version 0.23-a0-182-g58cdd98 (webtiles) character file.

196 CougarLife the Shield-Bearer (level 5, -4/47 HPs)
             Began as a Gnoll Fighter on Sept 19, 2018.
             Slain by a centaur (7 damage)
             ... on level 3 of the Dungeon.
             The game lasted 00:01:57 (1696 turns).

CougarLife the Shield-Bearer (Gnoll Fighter)        Turns: 1696, Time: 00:01:58

Health: -4/47      AC:  7    Str: 19    XL:     5   Next: 74%
Magic:  7/7        EV:  9    Int: 10    God:
Gold:   72         SH: 11    Dex: 15    Spells: 7/7 levels left

rFire    . . .     SeeInvis .   a - +0 war axe
rCold    . . .     Gourm    .   c - +0 shield
rNeg     . . .     Faith    .   b - +0 scale mail
rPois    .         Spirit   .   (no helmet)
rElec    .         Reflect  .   (no cloak)
rCorr    .         Harm     .   (no gloves)
MR       .....                  (no boots)
Stlth    +.........             (no amulet)
HPRegen  0.15/turn              (no ring)
MPRegen  0.10/turn              (no ring)

@: lethally poisoned (-4 -> -6)
A: distributed training, fangs 1, strong nose
a: no special abilities


You were on level 3 of the Dungeon.
You were not hungry.

You visited 1 branch of the dungeon, and saw 3 of its levels.

You collected 72 gold pieces.

Inventory:

Hand Weapons
 a - a +0 war axe (weapon)
Missiles
 n - 4 javelins (quivered)
Armour
 b - a +0 scale mail (worn)
 c - a +0 shield (worn)
Jewellery
 q - a +4 ring of strength {unknown}
Scrolls
 e - a scroll of fear
 h - 2 scrolls of remove curse
 j - a scroll of identify
 k - a scroll of fog {unknown}
 l - a scroll of teleportation {unknown}
 m - a scroll of blinking {unknown}
 o - a scroll of noise {unknown}
 p - a scroll of random uselessness {unknown}
Potions
 d - 2 potions of might
 i - a potion of haste {unknown}
Comestibles
 f - 4 rations
 g - 6 chunks of flesh


   Skills:
 + Level 6.7 Fighting
 + Level 1.6 Short Blades
 + Level 1.6 Long Blades
 + Level 4.8 Axes
 + Level 1.6 Maces & Flails
 + Level 1.6 Polearms
 + Level 1.6 Staves
 + Level 1.6 Slings
 + Level 1.6 Bows
 + Level 1.6 Crossbows
 + Level 1.6 Throwing
 + Level 6.7 Armour
 + Level 1.6 Dodging
 + Level 1.6 Stealth
 + Level 6.7 Shields
 + Level 1.6 Unarmed Combat
 + Level 1.6 Spellcasting
 + Level 1.2 Conjurations
 + Level 1.2 Hexes
 + Level 1.2 Charms
 + Level 1.2 Summonings
 + Level 1.2 Necromancy
 + Level 1.2 Translocations
 + Level 1.2 Transmutations
 + Level 1.2 Fire Magic
 + Level 1.2 Ice Magic
 + Level 1.2 Air Magic
 + Level 1.2 Earth Magic
 + Level 1.2 Poison Magic
 + Level 1.8 Invocations
 + Level 1.6 Evocations


You had 7 spell levels left.
You didn't know any spells.
Your spell library contained the following spells:

 Spells                   Type           Power        Failure   Level  Hunger
 Animate Skeleton         Necr           N/A          83%         1    ##.....
 Apportation              Tloc           #.....       83%         1    ##.....
 Confusing Touch          Hex            #.....       83%         1    ##.....
 Summon Small Mammal      Summ           #...         83%         1    ##.....


Dungeon Overview and Level Annotations

Branches:
Dungeon (3/15)

Altars:
Fedhas
Nemelex Xobeh
Qazlal
Zin

Shops:
D:2 *


Innate Abilities, Weirdness & Mutations

Your experience applies equally to all skills.
You have very sharp teeth.
Your uncanny sense of smell can sniff out nearby items.


Message History

You bite the centaur.
The centaur is lightly wounded.
You block the centaur's attack. The centaur hits you!
* * * LOW HITPOINT WARNING * * *
You hit the centaur. You bite the centaur, but do no damage.
The centaur is heavily wounded.
The centaur closely misses you.
You barely miss the centaur.
The centaur is heavily wounded.
You feel sick. The centaur hits you.
* * * LOW HITPOINT WARNING * * *
You block the centaur's attack. x2
You hit the centaur.
The centaur is severely wounded.
The centaur hits you.
* * * LOW HITPOINT WARNING * * *
You hit the centaur but do no damage.
The centaur is severely wounded.
The centaur hits you!
You die...

## .. .## ..##
##############c..##∆
#>........((.@....#
#.....########.....#
#.....# ......#
#.....# #......
####.....# ......
.#.......# ######
.#.####### ∆ ...#
.###


You could see a centaur.

Vanquished Creatures
  An ice beast (D:3)
  4 adders
  A worm (D:3)
  5 dart slugs
  2 leopard geckos (D:2)
  4 bats
  3 giant cockroaches
  4 goblins
  6 hobgoblins
  6 jackals
  2 quokkas
  2 ball pythons
  2 frilled lizards (D:2)
  6 kobolds
  5 rats
53 creatures vanquished.

Notes
Turn   | Place    | Note
-------+----------+-------------------------------------------
     0 | D:1      | CougarLife the Gnoll Fighter began the quest for the Orb.
     0 | D:1      | Reached XP level 1. HP: 23/23 MP: 1/1
   175 | D:1      | Reached XP level 2. HP: 29/29 MP: 2/2
   725 | D:2      | Reached XP level 3. HP: 31/35 MP: 3/3
   783 | D:2      | Reached skill level 1 in Invocations
   988 | D:2      | Reached skill level 1 in Short Blades
   988 | D:2      | Reached skill level 1 in Long Blades
   988 | D:2      | Reached skill level 1 in Maces & Flails
   988 | D:2      | Reached skill level 1 in Polearms
   988 | D:2      | Reached skill level 1 in Staves
   988 | D:2      | Reached skill level 1 in Slings
   988 | D:2      | Reached skill level 1 in Bows
   988 | D:2      | Reached skill level 1 in Crossbows
   988 | D:2      | Reached skill level 1 in Throwing
   988 | D:2      | Reached skill level 1 in Dodging
   988 | D:2      | Reached skill level 1 in Stealth
   988 | D:2      | Reached skill level 1 in Unarmed Combat
   988 | D:2      | Reached skill level 1 in Spellcasting
   988 | D:2      | Reached skill level 1 in Evocations
  1002 | D:2      | Found a glowing silver altar of Zin.
  1003 | D:2      | Found Zin's Purification Station.
  1036 | D:2      | Reached XP level 4. HP: 39/41 MP: 5/5
  1275 | D:2      | Found a faded altar of an unknown god.
  1275 | D:2      | Found a stormy altar of Qazlal.
  1280 | D:2      | Found a faded altar of an unknown god.
  1282 | D:2      | Found a sparkling altar of Nemelex Xobeh.
  1283 | D:2      | Found a blossoming altar of Fedhas.
  1403 | D:3      | Noticed an ice beast
  1414 | D:3      | Killed an ice beast
  1414 | D:3      | Reached skill level 1 in Conjurations
  1414 | D:3      | Reached skill level 1 in Hexes
  1414 | D:3      | Reached skill level 1 in Charms
  1414 | D:3      | Reached skill level 1 in Summonings
  1414 | D:3      | Reached skill level 1 in Necromancy
  1414 | D:3      | Reached skill level 1 in Translocations
  1414 | D:3      | Reached skill level 1 in Transmutations
  1414 | D:3      | Reached skill level 1 in Fire Magic
  1414 | D:3      | Reached skill level 1 in Ice Magic
  1414 | D:3      | Reached skill level 1 in Air Magic
  1414 | D:3      | Reached skill level 1 in Earth Magic
  1414 | D:3      | Reached skill level 1 in Poison Magic
  1414 | D:3      | Reached XP level 5. HP: 11/47 MP: 5/7
  1684 | D:3      | Noticed a centaur
  1695 | D:3      | HP: 2/47 [centaur (6)]
  1696 | D:3      | Slain by a centaur

Vault maps used:
D:1:      dpeg_arrival_prison, minmay_crystal_room
D:2:      zin_purify, chequers_temple_overflow_minitemple, first_ration
D:3:      nicolae_ashenzari_panopticon, nicolae_gozag_seed_capital, uniq_terence

Skill      XL: |  1  2  3  4 |
---------------+-------------+-----
Invocations    | 1 |  1.8
Short Blades   | 1 |  1.6
Long Blades    | 1 |  1.6
Maces & Flails | 1 |  1.6
Polearms       | 1 |  1.6
Staves         | 1 |  1.6
Slings         | 1 |  1.6
Bows           | 1 |  1.6
Crossbows      | 1 |  1.6
Throwing       | 1 |  1.6
Dodging        | 1 |  1.6
Stealth        | 1 |  1.6
Unarmed Combat | 1 |  1.6
Spellcasting   | 1 |  1.6
Evocations     | 1 |  1.6
Conjurations   | 1 |  1.2
Hexes          | 1 |  1.2
Charms         | 1 |  1.2
Summonings     | 1 |  1.2
Necromancy     | 1 |  1.2
Translocations | 1 |  1.2
Transmutations | 1 |  1.2
Fire Magic     | 1 |  1.2
Ice Magic      | 1 |  1.2
Air Magic      | 1 |  1.2
Earth Magic    | 1 |  1.2
Poison Magic   | 1 |  1.2
Fighting       | |  6.7
Axes           | |  4.8
Armour         | |  6.7
Shields        | |  6.7

Action                   |  1- 3 |  4- 6 || total
-------------------------+-------+-------++-------
Melee: War axe           |    92 |    40 ||   132
       Bite              |     7 |     4 ||    11
  Use: Scroll            |       |     3 ||     3
  Eat: Chunk             |     1 |     2 ||     3
Armor: Scale mail        |    32 |    13 ||    45
Dodge: Dodged            |    23 |    11 ||    34
Block: Shield            |    41 |    25 ||    66

Table legend:
 A = Non-vault XP
 B = Vault XP
 C = Vault XP percentage of total XP
 D = Non-vault monster count
 E = Vault monster count
 F = Vault count percentage of total count
                 A         B        C        D         E       F
            +---------+---------+-------+---------+---------+-------
      Total |     278 |       2 |   0.7 |      52 |       1 |   1.9
            +---------+---------+-------+---------+---------+-------
        D:1 |      23 |       2 |   8.0 |      14 |       1 |   6.7
        D:2 |      79 |       0 |   0.0 |      27 |       0 |   0.0
        D:3 |     176 |       0 |   0.0 |      11 |       0 |   0.0
            +---------+---------+-------+---------+---------+-------
